 Dungeon Sprint DCSS version 0.20.1-1-g8b1a95d (webtiles) character file.

3873 JustSomeDude the Spear-Bearer (level 10, -2/127 HPs)
             Began as a Demonspawn Gladiator on Aug 30, 2017.
             Was the Champion of Jiyva.
             Slain by a freezing wraith (17 damage)
             ... in the Dungeon (Sprint VII: "The Pits").
             The game lasted 00:09:52 (800 turns).

JustSomeDude the Spear-Bearer (Demonspawn Gladiator) Turns: 800, Time: 00:09:53

Health: -2/127     AC: 11    Str: 21    XL:     10   Next: 0%
Magic:  0/10       EV: 26    Int:  8    God:    Jiyva [******]
Gold:   0          SH:  0    Dex: 23    Spells: 9/9 levels left

rFire    . . .     SeeInvis .   z - +2 halberd (venom)
rCold    . . .     Gourm    .   (shield currently unavailable)
rNeg     . . .     Faith    .   t - +3 scale mail
rPois    .         Spirit   +   (no helmet)
rElec    .         Reflect  .   (no cloak)
rCorr    +         Harm     .   (no gloves)
MR       .....     Clarity  +   (no boots) Stlth ..........NoTele +
                                (no amulet)
Regen    0.8/turn               (no ring)
MPRegen  0.3/turn               (no ring)

@: agile, berserking, engulfed (cannot breathe), hasted, very quick
A: hooves 1, repulsion field 1, clarity, demonic guardian 1, mutation resistance
2, regeneration 1, eyeballs 1, gelatinous body 1, translucent skin 1, jelly
sensing items, jelly absorbing missiles, magic shield, magic regeneration, magic
link, no potion heal 1
a: Request Jelly, Slimify, Cure Bad Mutation, Renounce Religion


You were in the Dungeon.
You worshipped Jiyva.
Jiyva was exalted by your worship.
You were not hungry.

You visited 1 branch

Inventory:

Hand Weapons
 s - a +2 trident of piercing
 z - a +2 halberd of venom (weapon)
Missiles
 d - 3 throwing nets (quivered)
Armour
 c - a +0 helmet
 t - a +3 scale mail (worn)
 v - a +0 pair of boots
 w - a +0 cloak
 x - a +4 chain mail
 y - a +0 helmet
Jewellery
 a - a +3 ring of protection
 o - a +3 ring of protection
Scrolls
 k - a scroll of blinking
 m - 3 scrolls of remove curse
 n - 5 scrolls of amnesia
Potions
 b - a potion of agility
 e - 8 potions of curing
 i - 4 potions of magic
 j - a potion of berserk rage
 l - a potion of mutation
 r - a potion of heal wounds
 u - a potion of brilliance
Comestibles
 f - 8 bread rations
 g - 13 chunks of flesh
 p - 40 fruits
 q - 7 meat rations


   Skills:
 + Level 10.2 Fighting
 + Level 12.7 Polearms
 + Level 3.5 Throwing
 + Level 7.3 Armour
 + Level 9.6 Dodging
 + Level 9.4 Stealth


You had 9 spell levels left.
You didn't know any spells.

Dungeon Overview and Level Annotations

Branches:
Dungeon (1/1)

Altars:
Ashenzari
Cheibriados
Dithmenos
Elyvilon
Fedhas
Gozag
Hepliaklqana
Kikubaaqudgha
Makhleb
Nemelex Xobeh
Okawaru
Qazlal
Ru
Sif Muna
Trog
Uskayaw
Vehumet
Xom
Yredelemnul
Zin
The Shining One
Beogh
Jiyva
Lugonu

Annotations:
D Ilsuiw


Innate Abilities, Weirdness & Mutations

You have large cloven feet.
A weak demonic guardian rushes to your aid.
When hurt, damage is shared between your health and your magic reserves.
You regenerate magic rapidly.
When low on magic, you restore magic in place of health.
You are surrounded by a mild repulsion field. (EV +2)
You possess an exceptional clarity of mind.
You are somewhat resistant to both further mutation and mutation removal.
Your natural rate of healing is unusually fast.
Your body has grown golden eyes which may confuse attackers. (Acc +3)
Your rubbery body absorbs attacks. (AC +1, EV +1)
Your translucent skin slightly reduces your foes' accuracy. (Stealth)
You have a small jelly attached to you that senses nearby items.
You have a small jelly attached to you that may absorb incoming projectiles.
Potions are less effective at restoring your health.


Message History

The ice devil is in the way.
You puncture the ice devil!
The ice devil looks as sick as possible!
You kick the ice devil.
You kill the ice devil!
You have reached level 10!
The freezing wraith misses you. The freezing wraith closely misses you.
The merfolk impaler completely misses you.
Attack whom?
Press: ? - help, Dir - move target cursor, f/p - merfolk impaler
Aim: a merfolk impaler, wielding a trident of protection and wearing a robe (moderately wounded, poisoned)
You reach to attack!
You slash the merfolk impaler!
The merfolk impaler looks as sick as possible!
The merfolk impaler is heavily wounded.
The water elemental hits you.
* * * LOW HITPOINT WARNING * * *
The water elemental engulfs you in water!
The merfolk siren closely misses you.
The merfolk impaler completely misses you.
The freezing wraith hits you. The freezing wraith freezes you!!
You die... ..........# ..........+ . ..#####...#####+##... ..')).#.....†........ ..#)..#..yy)((.# +## ..#...#)#####..# m.# ..#####.'...#..# mm#

........#)..'..##'##..+
†....†..#.††#...@WmE..#
#÷###...#.).#....E.E....
....'...#+###...####+##.
.)..#.........(.#
....#...........+
#################


You could see Ilsuiw, a merfolk impaler, a freezing wraith, 3 water elementals
and 2 merfolk sirens.

Vanquished Creatures
  Harold (D)
  A smoke demon (D)
  2 ice devils (D)
  Prince Ribbit (D)
  A fire bat (D)
  4 vampire mosquitoes (D)
  A hungry ghost (D)
  2 porcupines (D)
  Purgy (D)
  2 ogres (D)
  A necrophage (D)
  4 wolves (D)
  A centaur (D)
  A small abomination (D)
  3 killer bees (D)
  2 orc priests (D)
  3 orc wizards (D)
  3 worker ants (D)
  A gnoll (D)
  An adder (D)
  An ufetubus (D)
  7 orcs (D)
  A bat (D)
  A giant cockroach (D)
  A hobgoblin (D)
  3 jackals (D)
  2 frilled lizards (D)
  A kobold (D)
  A rat (D)
54 creatures vanquished.

Vanquished Creatures (collateral kills)
  A molten gargoyle (D)
  A water moccasin (D)
  A wolf (D)
  An ufetubus (D)
4 creatures vanquished.

Vanquished Creatures (others)
  A floating eye (D)
  11 jellies (D)
12 creatures vanquished.

Grand Total: 70 creatures vanquished

Notes
Turn   | Place    | Note
-------+----------+-------------------------------------------
     0 | D        | JustSomeDude the Demonspawn Gladiator began the quest for the Orb.
     0 | D        | Reached XP level 1. HP: 16/16 MP: 1/1
     8 | D        | Noticed a worker ant
    16 | D        | Killed a worker ant
    16 | D        | Reached skill level 4 in Polearms
    16 | D        | Gained mutation: A weak demonic guardian rushes to your aid. [demonic ancestry]
    16 | D        | Reached XP level 2. HP: 19/24 MP: 2/2
    20 | D        | Found a bloodstained altar of Trog.
    20 | D        | Found a deep blue altar of Sif Muna.
    20 | D        | Found a viscous altar of Jiyva.
    20 | D        | Found a hazy altar of Hepliaklqana.
    20 | D        | Found an opulent altar of Gozag.
    21 | D        | Found a glowing golden altar of the Shining One.
    21 | D        | Found a glowing silver altar of Zin.
    21 | D        | Found a basalt altar of Yredelemnul.
    21 | D        | Found a shimmering altar of Xom.
    21 | D        | Found a sacrificial altar of Ru.
    21 | D        | Found a stormy altar of Qazlal.
    21 | D        | Found an iron altar of Okawaru.
    21 | D        | Found a sparkling altar of Nemelex Xobeh.
    21 | D        | Found a burning altar of Makhleb.
    21 | D        | Found a blossoming altar of Fedhas.
    21 | D        | Found a white marble altar of Elyvilon.
    21 | D        | Found a shadowy altar of Dithmenos.
    21 | D        | Found a snail-covered altar of Cheibriados.
    24 | D        | Found a roughly hewn altar of Beogh.
    24 | D        | Found a corrupted altar of Lugonu.
    24 | D        | Found a radiant altar of Vehumet.
    25 | D        | Became a worshipper of Jiyva Jeblety the Shapeless
    59 | D        | Noticed a floating eye
    69 | D        | Reached skill level 1 in Stealth
    70 | D        | Gained mutation: You have large cloven feet. [demonic ancestry]
    70 | D        | Reached XP level 3. HP: 28/29 MP: 3/3
    71 | D        | Reached * piety under Jiyva
    71 | D        | Reached ** piety under Jiyva
    86 | D        | Reached *** piety under Jiyva
    86 | D        | Gained mutation: You have a small jelly attached to you that senses nearby items. [Jiyva's grace]
    87 | D        | Reached **** piety under Jiyva
    87 | D        | Gained mutation: You have a small jelly attached to you that may absorb incoming projectiles. [Jiyva's grace]
    88 | D        | Reached ***** piety under Jiyva
    88 | D        | Gained mutation: Your spells are a little harder to cast, but a little more powerful. [Jiyva's grace]
    92 | D        | Gained mutation: Your body has grown golden eyes which may confuse attackers. (Acc +3) [Jiyva's grace]
    93 | D        | Gained mutation: You have a pair of small horns on your head. [Jiyva's grace]
    93 | D        | Reached ****** piety under Jiyva
   100 | D        | Gained mutation: Your translucent skin slightly reduces your foes' accuracy. (Stealth) [Jiyva's grace]
   165 | D        | Lost mutation: You have a pair of small horns on your head. [Jiyva's grace]
   167 | D        | Lost mutation: Your spells are a little harder to cast, but a little more powerful. [Jiyva's grace]
   169 | D        | Noticed Prince Ribbit
   170 | D        | Noticed an ogre
   174 | D        | Gained mutation: You are covered in slimy tendrils that may disarm your opponents. [Jiyva's grace]
   175 | D        | Gained mutation: You have hoof-like feet. [Jiyva's grace]
   202 | D        | Noticed a small abomination
   243 | D        | Lost mutation: You have hoof-like feet. [Jiyva's grace]
   259 | D        | Noticed a wolf
   259 | D        | Noticed a hungry ghost
   260 | D        | Noticed a fire bat
   264 | D        | Killed a wolf
   264 | D        | Reached skill level 5 in Polearms
   264 | D        | Reached skill level 1 in Armour
   264 | D        | Gained mutation: When hurt, damage is shared between your health and your magic reserves. [demonic ancestry]
   264 | D        | Reached XP level 4. HP: 37/37 MP: 4/4
   268 | D        | Killed an ogre
   268 | D        | Reached skill level 6 in Polearms
   268 | D        | Reached skill level 5 in Dodging
   268 | D        | Reached XP level 5. HP: 39/43 MP: 2/5
   270 | D        | Killed a fire bat
   270 | D        | Reached skill level 5 in Fighting
   270 | D        | Reached skill level 7 in Polearms
   270 | D        | Gained mutation: You regenerate magic rapidly. [demonic ancestry]
   270 | D        | Reached XP level 6. HP: 47/51 MP: 2/6
   276 | D        | Killed a floating eye
   277 | D        | Killed a hungry ghost
   277 | D        | Reached skill level 8 in Polearms
   281 | D        | Killed Prince Ribbit
   281 | D        | Reached skill level 9 in Polearms
   281 | D        | Reached skill level 5 in Stealth
   281 | D        | Reached XP level 7. HP: 55/58 MP: 3/7
   294 | D        | Noticed a smoke demon
   297 | D        | Killed a smoke demon
   301 | D        | Noticed Harold
   306 | D        | Reached skill level 10 in Polearms
   307 | D        | Reached XP level 8. HP: 36/67 MP: 6/8
   334 | D        | Killed Harold
   334 | D        | Reached skill level 11 in Polearms
   334 | D        | Reached skill level 5 in Armour
   357 | D        | Gained mutation: When low on magic, you restore magic in place of health. [demonic ancestry]
   357 | D        | Reached XP level 9. HP: 63/75 MP: 9/9
   467 | D        | Gained mutation: You are surrounded by a mild repulsion field. (EV +2) [Jiyva's grace]
   467 | D        | Gained mutation: You possess an exceptional clarity of mind. [Jiyva's grace]
   472 | D        | Lost mutation: You possess an exceptional clarity of mind. [Jiyva's grace]
   474 | D        | Gained mutation: You have a pair of small horns on your head. [Jiyva's grace]
   481 | D        | Gained mutation: Your natural rate of healing is unusually fast. [Jiyva's grace]
   484 | D        | Lost mutation: You have a pair of small horns on your head. [Jiyva's grace]
   484 | D        | Gained mutation: You have a pair of small antennae on your head. [Jiyva's grace]
   491 | D        | Found a hide-covered altar of Uskayaw.
   491 | D        | Found an ancient bone altar of Kikubaaqudgha.
   491 | D        | Found a shattered altar of Ashenzari.
   503 | D        | Gained mutation: Potions are less effective at restoring your health. [Jiyva's grace]
   503 | D        | Lost mutation: You have a pair of small antennae on your head. [Jiyva's grace]
   504 | D        | Gained mutation: You are agile. (Dex +2) [Jiyva's grace]
   504 | D        | Lost mutation: You are agile. (Dex +2) [Jiyva's grace]
   509 | D        | Gained mutation: You possess an exceptional clarity of mind. [Jiyva's grace]
   512 | D        | Gained mutation: You have very sharp teeth. [Jiyva's grace]
   514 | D        | Gained mutation: Your rubbery body absorbs attacks. (AC +1, EV +1) [Jiyva's grace]
   515 | D        | Lost mutation: You have very sharp teeth. [Jiyva's grace]
   516 | D        | Lost mutation: You are covered in slimy tendrils that may disarm your opponents. [Jiyva's grace]
   516 | D        | Gained mutation: You are somewhat resistant to further mutation. [Jiyva's grace]
   594 | D        | Noticed Purgy
   604 | D        | Killed Purgy
   612 | D        | Noticed a molten gargoyle
   635 | D        | Killed a molten gargoyle
   653 | D        | Noticed an ice devil
   662 | D        | Reached skill level 12 in Polearms
   727 | D        | Killed an ice devil
   727 | D        | Reached skill level 10 in Fighting
   784 | D        | Noticed a freezing wraith
   785 | D        | Noticed an ice devil
   785 | D        | Noticed a merfolk siren
   785 | D        | Noticed a merfolk impaler
   789 | D        | Noticed a merfolk siren
   789 | D        | Gained mutation: You are somewhat resistant to both further mutation and mutation removal. [Jiyva's grace]
   790 | D        | Noticed Ilsuiw
   799 | D        | Killed an ice devil
   799 | D        | Reached XP level 10. HP: 16/85 MP: 3/10
   800 | D        | Slain by a freezing wraith

Skill      XL: |  1  2  3  4  5  6  7  8  9 |
---------------+----------------------------+-----
Fighting       | 3 4 5 6 7 8 10 | 10.2
Polearms       | 4 5 6 7 9 10 11 12 | 12.7
Throwing       | 2 3 |  3.5
Dodging        | 3 4 5 6 7 8 9 |  9.6
Stealth        | 1 2 3 5 6 8 9 |  9.4
Armour         | 1 2 3 4 5 7 |  7.3

Action                   |  1- 3 |  4- 6 |  7- 9 | 10-12 || total
-------------------------+-------+-------+-------+-------++-------
Melee: Trident           |    26 |    15 |    51 |       ||    92
       Kick              |     1 |     4 |    58 |       ||    63
       Halberd           |       |       |    94 |     1 ||    95
Throw: Throwing net      |       |       |     2 |       ||     2
  Use: Potion            |     4 |       |     9 |       ||    13
       Scroll            |     1 |       |       |       ||     1
 Stab: Sleeping          |     3 |       |     7 |       ||    10
       Invisible         |       |     2 |     3 |       ||     5
       Held in net/web   |       |       |     1 |       ||     1
Armor: Leather armour    |     6 |       |       |       ||     6
       Scale mail        |       |     1 |    35 |       ||    36
Dodge: Dodged            |    30 |     3 |   133 |     5 ||   171
